PBL
BALTIMORE ORIOLES @ OAKLAND ATHLETICS
03/09/2071
 
TOP OF THE 1ST
Baltimore Orioles batting - Pitching for Oakland Athletics : RHP Kevin Spears
Pitching: RHP Kevin Spears
Batting: RHB Kent Cox 0-0: Foul Ball, location: 3F
0-1: Bunted foul
0-2: Fly out, F8 (Flyball, 8RD, EV 99.4 MPH)
Batting: LHB Shinobu Narita 0-0: Called Strike
0-1: Ball
1-1: Called Strike
1-2: Ball
2-2: Foul Ball, location: 2F
2-2: SINGLE (Line Drive, 9S, EV 94.4 MPH)
Batting: LHB Phil Bastien 0-0: Ball
Shinobu Narita steals 2nd base (no throw)
1-0: Ball
2-0: Ball
3-0: Base on Balls
Batting: LHB Ken Brown 0-0: Ball
1-0: Ball
2-0: 3-RUN HOME RUN (Flyball, 78XD, EV 108.8 MPH), Distance : 426 ft
Batting: LHB Héctor Hernández 0-0: Called Strike
0-1: Ball
1-1: Called Strike
1-2: Foul Ball, location: 9LMF
1-2: Foul Ball, location: 2F
1-2: Strikes out swinging
Batting: LHB Armando Martínez 0-0: Called Strike
0-1: Ball
1-1: Ground out 4-3 (Groundball, 4S, EV 87.5 MPH)
Top of the 1st over - 3 runs, 2 hits, 0 errors, 0 left on base; Baltimore 3 - Oakland 0
BOTTOM OF THE 1ST
Oakland Athletics batting - Pitching for Baltimore Orioles : LHP Nicholas Bradley
Pitching: LHP Nicholas Bradley
Batting: RHB Ed Burch 0-0: Ball
1-0: Ball
2-0: Ball
3-0: Base on Balls
Batting: LHB Roberto Canó 0-0: Ball
1-0: Called Strike
1-1: Swinging Strike
1-2: Strikes out looking
Batting: SHB Steve Howard 0-0: Ball
1-0: Called Strike
1-1: Foul Ball, location: 9LMF
1-2: Foul Ball, location: 2F
1-2: Ball
2-2: Foul Ball, location: 2F
2-2: Grounds into double play, 6-4-3 (Groundball, 6D, EV 100.6 MPH)
Bottom of the 1st over - 0 runs, 0 hits, 0 errors, 0 left on base; Baltimore 3 - Oakland 0
TOP OF THE 2ND
Baltimore Orioles batting - Pitching for Oakland Athletics : RHP Kevin Spears
Batting: RHB Jeff Cox 0-0: Called Strike
0-1: Ball
1-1: Ball
2-1: Fly out, F3 (Popup, 23F, EV 91.3 MPH)
Batting: LHB Brent Lambright 0-0: Ball
1-0: Called Strike
1-1: Foul Ball, location: 2F
1-2: Ball
2-2: Strikes out swinging
Batting: RHB Lorenzo Barrón 0-0: Ball
1-0: Ground out 5-3 (Groundball, 56, EV 101.3 MPH)
Top of the 2nd over - 0 runs, 0 hits, 0 errors, 0 left on base; Baltimore 3 - Oakland 0
BOTTOM OF THE 2ND
Oakland Athletics batting - Pitching for Baltimore Orioles : LHP Nicholas Bradley
Batting: RHB Clarence Jones 0-0: Called Strike
0-1: Ball
1-1: Ball
2-1: SINGLE (Line Drive, 8LS, EV 95.6 MPH)
Batting: RHB Chester Edwards 0-0: Ball
1-0: Ball
2-0: Ball
3-0: Base on Balls
Clarence Jones to second
Batting: RHB Tom Yarbrough 0-0: Ball
1-0: SINGLE (Groundball, 3D, EV 97.5 MPH)
Clarence Jones to third
Chester Edwards to second
Batting: LHB Eric Dodd 0-0: Called Strike
0-1: Swinging Strike
0-2: Strikes out swinging
Batting: RHB José Delgado 0-0: Called Strike
0-1: Fielders Choice at 2nd, 5-4 (Groundball, 56, EV 110.0 MPH)
Clarence Jones scores
Chester Edwards to third
Batting: LHB Roger McElroy 0-0: Called Strike
0-1: Called Strike
0-2: Strikes out swinging
Bottom of the 2nd over - 1 run, 2 hits, 0 errors, 2 left on base; Baltimore 3 - Oakland 1
TOP OF THE 3RD
Baltimore Orioles batting - Pitching for Oakland Athletics : RHP Kevin Spears
Batting: RHB Kent Cox 0-0: Ball
1-0: Called Strike
1-1: Ball
2-1: Swinging Strike
2-2: Ball
3-2: Fly out, F8 (Line Drive, 8RD, EV 105.0 MPH)
Batting: LHB Shinobu Narita 0-0: Ball
1-0: Ball
2-0: Ball
3-0: Called Strike
3-1: Foul Ball, location: 7LSF
3-2: Strikes out looking
Batting: LHB Phil Bastien 0-0: Called Strike
0-1: Ball
1-1: Swinging Strike
1-2: Ball
2-2: Strikes out swinging
Top of the 3rd over - 0 runs, 0 hits, 0 errors, 0 left on base; Baltimore 3 - Oakland 1
BOTTOM OF THE 3RD
Oakland Athletics batting - Pitching for Baltimore Orioles : LHP Nicholas Bradley
Batting: RHB Ed Burch 0-0: Foul Ball, location: 2F
0-1: Ball
1-1: Foul Ball, location: 2F
1-2: Ball
2-2: SINGLE (Line Drive, 78M, EV 105.6 MPH)
Batting: LHB Roberto Canó 0-0: Ball
1-0: Called Strike
1-1: Ball
2-1: Foul Ball, location: 7LSF
2-2: Ball
3-2: Base on Balls
Ed Burch to second
Batting: SHB Steve Howard 0-0: Ball
1-0: Swinging Strike
1-1: Swinging Strike
1-2: Ball
2-2: Foul Ball, location: 2F
2-2: Ball
3-2: Base on Balls
Ed Burch to third
Roberto Canó to second
Batting: RHB Clarence Jones 0-0: Ball
1-0: Ball
2-0: Fly out, F8 (Flyball, 8LS, EV 83.8 MPH)
Batting: RHB Chester Edwards 0-0: Hit by Pitch
Ed Burch scores
Roberto Canó to third
Steve Howard to second
Batting: RHB Tom Yarbrough 0-0: Swinging Strike
0-1: Ball
1-1: Foul Ball, location: 9LMF
1-2: Ball
2-2: Strikes out swinging
Batting: LHB Eric Dodd 0-0: Called Strike
0-1: Ground out 4-3 (Groundball, 4, EV 86.3 MPH)
Bottom of the 3rd over - 1 run, 1 hit, 0 errors, 3 left on base; Baltimore 3 - Oakland 2
TOP OF THE 4TH
Baltimore Orioles batting - Pitching for Oakland Athletics : RHP Kevin Spears
Pitching: RHP Ignacio Salazar
Batting: LHB Ken Brown 0-0: Ball
1-0: Swinging Strike
1-1: Ball
2-1: Ball
3-1: Swinging Strike
3-2: Strikes out swinging
Batting: LHB Héctor Hernández 0-0: Swinging Strike
0-1: Ball
1-1: Foul Ball, location: 2F
1-2: Ball
2-2: Foul Ball, location: 5SF
2-2: Foul Ball, location: 3FF
2-2: Strikes out swinging
Batting: LHB Armando Martínez 0-0: Ball
1-0: Called Strike
1-1: Called Strike
1-2: Strikes out looking
Top of the 4th over - 0 runs, 0 hits, 0 errors, 0 left on base; Baltimore 3 - Oakland 2
BOTTOM OF THE 4TH
Oakland Athletics batting - Pitching for Baltimore Orioles : LHP Nicholas Bradley
Pitching: RHP John Brown
Batting: RHB José Delgado 0-0: Ground out 4-3 (Groundball, 4M, EV 106.3 MPH)
Batting: LHB Roger McElroy 0-0: Ball
1-0: Called Strike
1-1: Ball
2-1: Swinging Strike
2-2: Ball
3-2: Strikes out swinging
Pinch Hitting: RHB Pablo Ayala 0-0: Ball
1-0: Ball
2-0: Foul Ball, location: 9LSF
2-1: Called Strike
2-2: Ball
3-2: SINGLE (Groundball, 6MD, EV 100.0 MPH)
Pinch Hitting: LHB José Pelingo 0-0: Called Strike
0-1: Swinging Strike
0-2: Foul Ball, location: 7LMF
0-2: Foul Ball, location: 2F
0-2: Ball
1-2: Ground out 4-3 (Groundball, 34, EV 84.4 MPH)
Bottom of the 4th over - 0 runs, 1 hit, 0 errors, 1 left on base; Baltimore 3 - Oakland 2
TOP OF THE 5TH
Baltimore Orioles batting - Pitching for Oakland Athletics : RHP Ignacio Salazar
Pitching: RHP Theodore Rigsby
Now at C: Calvin Baird
Now at 1B: José Pelingo
Now at 2B: Clarence Jones
Now at 3B: Pablo Ayala
Now at SS: Jorge Ibarra
Now in LF: Chester Edwards
Now in CF: Matt Farley
Now in RF: Roberto Morán
Batting: RHB Jeff Cox 0-0: Ball
1-0: Ball
2-0: Ground out 5-3 (Groundball, 5, EV 78.8 MPH)
Batting: LHB Brent Lambright 0-0: Swinging Strike
0-1: Ball
1-1: SINGLE (Groundball, 34D, EV 101.3 MPH)
Batting: RHB Lorenzo Barrón 0-0: Ball
1-0: Foul Ball, location: 3DF
1-1: Grounds into double play, 6-4-3 (Groundball, 6, EV 91.3 MPH)
Top of the 5th over - 0 runs, 1 hit, 0 errors, 0 left on base; Baltimore 3 - Oakland 2
BOTTOM OF THE 5TH
Oakland Athletics batting - Pitching for Baltimore Orioles : RHP John Brown
Now at C: Paul Dukes
Now at SS: Curt Anderson
Batting: RHB Roberto Morán 0-0: Called Strike
0-1: Ball
1-1: Fly out, F3 (Popup, 3F, EV 76.9 MPH)
Pinch Hitting: RHB Dylan Zobrist 0-0: Swinging Strike
0-1: Foul Ball, location: 5SF
0-2: Ball
1-2: Foul Ball, location: 3F
1-2: Strikes out swinging
Pinch Hitting: LHB Félix Castillo 0-0: Ball
1-0: Ball
2-0: Called Strike
2-1: Ball
3-1: Foul Ball, location: 2F
3-2: Ground out 6-3 (Groundball, 6, EV 95.0 MPH)
Bottom of the 5th over - 0 runs, 0 hits, 0 errors, 0 left on base; Baltimore 3 - Oakland 2
TOP OF THE 6TH
Baltimore Orioles batting - Pitching for Oakland Athletics : RHP Theodore Rigsby
Pitching: RHP Quinn Davis
Now at 2B: Dylan Zobrist
Now in LF: Matt Farley
Now in CF: Félix Castillo
Batting: RHB Paul Dukes 0-0: Swinging Strike
0-1: Swinging Strike
0-2: Ball
1-2: DOUBLE (Flyball, 8RXD, EV 97.5 MPH)
Pinch Hitting: RHB Fernando Rivera 0-0: Ball
1-0: Foul Ball, location: 9LDF
1-1: Ball
2-1: Fly out, F9 (Flyball, 9LM, EV 98.1 MPH)
Pinch Hitting: RHB Norm Hobbs 0-0: Called Strike
0-1: Ball
1-1: Fly out, F9 (Flyball, 9, EV 93.8 MPH)
Pinch Hitting: RHB Mike Lansfor 0-0: Fly out, F9 (Flyball, 9LS, EV 83.8 MPH)
Top of the 6th over - 0 runs, 1 hit, 0 errors, 1 left on base; Baltimore 3 - Oakland 2
BOTTOM OF THE 6TH
Oakland Athletics batting - Pitching for Baltimore Orioles : RHP John Brown
Pitching: LHP Telma Capelas
Now at 1B: Norm Hobbs
Now at 2B: Armando Martínez
Now at 3B: Mike Lansfor
Now in RF: Fernando Rivera
Batting: RHB Jorge Ibarra 0-0: SINGLE (Groundball, 34S, EV 68.8 MPH) (infield hit)
Batting: RHB Rick Dixon 0-0: Ball
1-0: Ball
Jorge Ibarra steals 2nd base
2-0: Foul Ball, location: 7LMF
Pickoff Throw to Second - Out!
2-1: Fly out, F3 (Popup, 3SF, EV 76.3 MPH)
Batting: RHB Calvin Baird 0-0: Called Strike
0-1: Ball
1-1: Ball
2-1: Ball
3-1: Called Strike
3-2: Foul Ball, location: 9LSF
3-2: Strikes out swinging
Bottom of the 6th over - 0 runs, 1 hit, 0 errors, 0 left on base; Baltimore 3 - Oakland 2
TOP OF THE 7TH
Baltimore Orioles batting - Pitching for Oakland Athletics : RHP Quinn Davis
Pitching: LHP Spike Brown
Batting: RHB Jaromir Koudelka 0-0: Called Strike
0-1: Fly out, F8 (Flyball, 8RM, EV 95.6 MPH)
Batting: LHB Armando Martínez 0-0: Called Strike
0-1: Ball
1-1: Ball
2-1: Called Strike
2-2: Fly out, F6 (Popup, 6D, EV 55.6 MPH)
Pinch Hitting: RHB Gus Gonzáles 0-0: Swinging Strike
0-1: Foul Ball, location: 3DF
0-2: Foul Ball, location: 7LMF
0-2: Ball
1-2: Foul Ball, location: 9LMF
1-2: Ball
2-2: Strikes out swinging
Top of the 7th over - 0 runs, 0 hits, 0 errors, 0 left on base; Baltimore 3 - Oakland 2
BOTTOM OF THE 7TH
Oakland Athletics batting - Pitching for Baltimore Orioles : LHP Telma Capelas
Pitching: RHP António Moreno
Now in CF: Gus Gonzáles
Batting: RHB Matt Farley 0-0: Ground out 1-3 (Groundball, 34S, EV 66.9 MPH)
Batting: RHB Pablo Ayala 0-0: SINGLE (Groundball, 56, EV 104.4 MPH)
Batting: LHB José Pelingo 0-0: Called Strike
0-1: Swinging Strike
0-2: Foul Ball, location: 5F
0-2: Ball
1-2: Strikes out swinging
Batting: RHB Roberto Morán 0-0: Called Strike
0-1: Swinging Strike
0-2: Foul Ball, location: 2F
0-2: Ball
1-2: Strikes out looking
Bottom of the 7th over - 0 runs, 1 hit, 0 errors, 1 left on base; Baltimore 3 - Oakland 2
TOP OF THE 8TH
Baltimore Orioles batting - Pitching for Oakland Athletics : LHP Spike Brown
Pitching: RHP Ben Noble
Pinch Hitting: RHB Calvin Pucetas 0-0: Ball
1-0: Swinging Strike
1-1: SINGLE (Flyball, 8RS, EV 95.0 MPH)
Batting: RHB Curt Anderson 0-0: Ball
1-0: Called Strike
1-1: Foul Ball, location: 3F
1-2: Ball
2-2: Fly out, F9 (Flyball, 9LM, EV 96.9 MPH)
Batting: RHB Paul Dukes 0-0: Ground out 5-3 (Groundball, 56, EV 80.0 MPH)
Calvin Pucetas to second
Batting: RHB Fernando Rivera 0-0: Ground out 2-3 (Groundball, 2R, EV 75.6 MPH)
Top of the 8th over - 0 runs, 1 hit, 0 errors, 1 left on base; Baltimore 3 - Oakland 2
BOTTOM OF THE 8TH
Oakland Athletics batting - Pitching for Baltimore Orioles : RHP António Moreno
Pitching: RHP Armando Sánchez
Now in LF: Calvin Pucetas
Pinch Hitting: RHB Jim Miller 0-0: Foul Ball, location: 5F
0-1: Ball
1-1: Foul Ball, location: 3SF
1-2: SINGLE (Line Drive, 8RS, EV 104.4 MPH)
Batting: LHB Félix Castillo 0-0: Called Strike
0-1: Ball
Jim Miller steals 2nd base (no throw)
1-1: Ball
2-1: Foul Ball, location: 7LDF
2-2: SINGLE (Groundball, 13S, EV 73.8 MPH) (infield hit)
Jim Miller to third
Batting: RHB Jorge Ibarra 0-0: Ball
Félix Castillo steals 2nd base (no throw)
1-0: Fly out, F8 (Line Drive, 8RD, EV 98.1 MPH)
Runner from 3rd tags up, SCORES, no throw by CF
Batting: RHB Rick Dixon 0-0: Reached on error, E5 (Groundball, 56D, EV 85.6 MPH)
Batting: RHB Calvin Baird 0-0: Ball
1-0: Ball
2-0: Ball
3-0: Called Strike
3-1: Base on Balls
Félix Castillo to third
Rick Dixon to second
Batting: RHB Matt Farley 0-0: Ball
1-0: Called Strike
1-1: Fly out, F9 (Flyball, 9D, EV 95.6 MPH)
Runner from 3rd tags up, SCORES, no throw by RF
Rick Dixon to third
Pinch Hitting: RHB Esteban Bautista 0-0: Fly out, F2 (Popup, 2LF, EV 89.4 MPH)
Bottom of the 8th over - 2 runs, 2 hits, 1 error, 2 left on base; Baltimore 3 - Oakland 4
TOP OF THE 9TH
Baltimore Orioles batting - Pitching for Oakland Athletics : RHP Ben Noble
Pitching: LHP Dick Anderson
Now at 2B: Esteban Bautista
Now at 3B: Lee Collins
Batting: RHB Norm Hobbs 0-0: Ball
1-0: SINGLE (Line Drive, 8RS, EV 100.0 MPH)
Batting: RHB Mike Lansfor 0-0: Ball
1-0: Called Strike
1-1: Swinging Strike
1-2: Strikes out swinging
Batting: RHB Jaromir Koudelka 0-0: Swinging Strike
0-1: Ball
1-1: Swinging Strike
1-2: Strikes out swinging
Batting: LHB Armando Martínez 0-0: Ball
Wild Pitch!
Norm Hobbs to second
1-0: Called Strike
1-1: Ball
2-1: Ball
3-1: Base on Balls
Batting: RHB Gus Gonzáles 0-0: Ball
Wild Pitch!
Norm Hobbs to third
Armando Martínez to second
1-0: Ball
2-0: Called Strike
2-1: Foul Ball, location: 3SF
2-2: Strikes out looking
Top of the 9th over - 0 runs, 1 hit, 0 errors, 2 left on base; Baltimore 3 - Oakland 4
Saturday, March 30th , 2024 - OOTP Baseball 24.10 Build 82